 Dungeon Crawl Stone Soup version 0.29.0-4-gdea44cf6ec (webtiles) character file.

Game seed: 12363963731237415406

95 qw the Chopper (level 4, 0/39 HPs)
             Began as a Minotaur Fighter on Sept 8, 2022.
             Slain by Pikel
             ... wielding a +1 whip of freezing
              (1 damage)
             ... on level 4 of the Dungeon.
             The game lasted 00:00:56 (2682 turns).

qw the Chopper (Minotaur Fighter)                   Turns: 2682, Time: 00:00:57

Health: 0/39       AC:  8    Str: 23    XL:     4   Next: 39%
Magic:  3/3        EV: 10    Int:  5    God:
Gold:   155        SH:  4    Dex:  9    Spells: 3/3 levels left

rFire   . . .      SeeInvis .   Y - +0 war axe
rCold   + . .      Faith    .   c - +0 buckler
rNeg    . . .      Spirit   .   b - +0 scale mail
rPois   .          Reflect  .   (helmet restricted)
rElec   .          Harm     .   (no cloak)
rCorr   .          Rampage  .   l - +0 pair of gloves
Will    .....                   (no boots)
Stlth   ..........              (no amulet)
HPRegen 0.13/turn               a - ring of protection from cold
MPRegen 0.08/turn               (no ring)

@: no status effects
A: horns 2, retaliatory headbutt
a: no special abilities


You were on level 4 of the Dungeon.
You visited 1 branch of the dungeon, and saw 4 of its levels.

You collected 155 gold pieces.


Innate Abilities, Weirdness & Mutations

You have a pair of horns on your head.
You reflexively headbutt those who attack you in melee.


   Skills:
 - Level 3.6 Fighting
 + Level 5.1 Axes
 - Level 3.6 Armour
 - Level 1.9 Dodging
 - Level 3.6 Shields


You had 3 spell levels left.
You didn't know any spells.
Your spell library was empty.

Inventory:

Hand Weapons
 i - a +0 flail
 Y - a +0 war axe (weapon)
Armour
 b - a +0 scale mail (worn)
 c - a +0 buckler (worn)
 l - a +0 pair of gloves (worn)
Jewellery
 a - a ring of protection from cold (left hand)
Scrolls
 f - a scroll of identify
Potions
 d - 2 potions of might
 e - a potion of flight {unknown}
 h - a potion of invisibility {unknown}

Dungeon Overview and Level Annotations

Branches:
Dungeon (4/15)
 Temple: D:4-7

Altars:

Annotations:
D:4 Pikel


Message History

Pikel hits you with a +1 whip of freezing.
Pikel freezes you. Pikel barely misses you.
The lemure hits you but does no damage.
There is a stone staircase leading up, spattered with blood here.
You closely miss the lemure.
The lemure is heavily wounded.
You hit Pikel but do no damage. The lemure hits you but does no damage.
Pikel hits you but does no damage.
You hit the lemure.
The lemure is severely wounded.
You slash Pikel! The lemure hits you. You block Pikel's attack.
You closely miss the lemure.
The lemure is severely wounded.
You barely miss Pikel. The lemure hits you. You block Pikel's attack.
You hit the lemure but do no damage.
You headbutt the lemure, but do no damage.
The lemure is heavily wounded.
You hit Pikel. The lemure hits you.
Pikel hits you with a +1 whip of freezing.
Pikel freezes you. Pikel closely misses you. The lemure hits you.
You barely miss the lemure.
The lemure is heavily wounded.
You closely miss Pikel. The lemure hits you. Pikel barely misses you.
You barely miss the lemure.
The lemure is heavily wounded.
You slash Pikel! The lemure barely misses you.
Pikel hits you with a +1 whip of freezing!
Pikel freezes you.
You hit Pikel. Your headbutt misses Pikel.
Pikel is heavily wounded.
You hit the lemure. The lemure barely misses you.
Pikel hits you with a +1 whip of freezing. x2
Pikel freezes you.
You die...

##.##..#####
#.>........!
#...........
...........
..........
....... #5..#
#@..#
#....K........
#.............
#.............
#.............
#.............
##############


You could see Pikel and a lemure.

Vanquished Creatures
  3 lemures (D:3)
  An orc wizard (D:3)
  An adder (D:3)
  A dart slug (D:1)
  5 orcs (D:3)
  3 bats
  4 endoplasms
  3 giant cockroaches
  8 goblins
  6 hobgoblins
  6 kobolds
  6 ball pythons
  2 frilled lizards (D:1)
  4 rats
53 creatures vanquished.

Notes
Turn   | Place    | Note
-------+----------+-------------------------------------------
     0 | D:1      | qw the Minotaur Fighter began the quest for the Orb.
     0 | D:1      | Reached XP level 1. HP: 19/19 MP: 0/0
     0 | D:1      | 0 ||| qw: Version: 0.1-a-112-g44dc6cd
     0 | D:1      | 0 ||| qw: Game counter: 6827
     0 | D:1      | 0 ||| qw: Always use a shield: true
     0 | D:1      | 0 ||| qw: God list: Ru
     0 | D:1      | 0 ||| qw: Allow faded altars: false
     0 | D:1      | 0 ||| qw: Do Orc after D:15 true
     0 | D:1      | 0 ||| qw: Do second Lair branch before Depths: true
     0 | D:1      | 0 ||| qw: Lair rune preference: random
     0 | D:1      | 0 ||| qw: Plans: Normal
     0 | D:1      | 0 ||| PLANNING D:1-11
    65 | D:1      | Reached skill level 3 in Axes
   158 | D:1      | Reached XP level 2. HP: 25/26 MP: 1/1
   201 | D:1      | 201 ||| Stepping ~*~*~tactically~*~*~ (stealth).
   235 | D:1      | 235 ||| Stepping ~*~*~tactically~*~*~ (stealth).
   357 | D:1      | 357 ||| Stepping ~*~*~tactically~*~*~ (stealth).
   358 | D:1      | 358 ||| Stepping ~*~*~tactically~*~*~ (stealth).
   359 | D:1      | 359 ||| Stepping ~*~*~tactically~*~*~ (stealth).
   360 | D:1      | 360 ||| Stepping ~*~*~tactically~*~*~ (stealth).
   363 | D:1      | 363 ||| Stepping ~*~*~tactically~*~*~ (stealth).
   364 | D:1      | 364 ||| Stepping ~*~*~tactically~*~*~ (stealth).
   365 | D:1      | 365 ||| Stepping ~*~*~tactically~*~*~ (stealth).
   395 | D:1      | Reached skill level 4 in Axes
   611 | D:1      | 611 ||| DROPPING +1 hand axe of venom.
   667 | D:1      | Reached XP level 3. HP: 31/31 MP: 2/2
   674 | D:1      | 674 ||| UPGRADING to +0 pair of gloves.
   679 | D:1      | 679 ||| READING scroll labelled KOERHORUVVO.
   680 | D:1      | 680 ||| READING 2 scrolls labelled HUHYTR OBIAGH.
   681 | D:1      | 681 ||| READING scroll labelled ITEVALI OXOTZE.
   816 | D:1      | 816 ||| DROPPING scroll of blinking.
   981 | D:2      | 981 ||| DROPPING +0 club.
  1169 | D:2      | Found a faded altar of an unknown god.
  1291 | D:2      | 1291 ||| READING scroll labelled VUNIUF DUKHAO.
  1292 | D:2      | 1292 ||| DRINKING 3 metallic inky potions.
  1293 | D:2      | 1293 ||| DROPPING 2 potions of attraction.
  1366 | D:3      | 1366 ||| Stepping ~*~*~tactically~*~*~ (stealth).
  1367 | D:3      | 1367 ||| Stepping ~*~*~tactically~*~*~ (stealth).
  1811 | D:3      | Reached skill level 5 in Axes
  1925 | D:3      | 1925 ||| Stepping ~*~*~tactically~*~*~ (stealth).
  1929 | D:3      | 1929 ||| Stepping ~*~*~tactically~*~*~ (stealth).
  1949 | D:3      | Reached skill level 1 in Dodging
  1949 | D:3      | Reached XP level 4. HP: 11/39 MP: 3/3
  2297 | D:3      | 2297 ||| DROPPING +0 whip.
  2564 | D:3      | 2564 ||| UPGRADING to ring of protection from cold.
  2565 | D:3      | 2565 ||| READING scroll labelled QOPYOL ECOMPEH.
  2591 | D:4      | Noticed Pikel
  2591 | D:4      | Noticed a lemure
  2591 | D:4      | Noticed a lemure
  2591 | D:4      | Noticed a lemure
  2591 | D:4      | Noticed a lemure
  2595 | D:4      | 2595 ||| STAIRDANCE
  2600 | D:3      | Killed a lemure
  2648 | D:4      | 2648 ||| STAIRDANCE
  2652 | D:3      | Killed a lemure
  2656 | D:3      | Killed a lemure
  2681 | D:4      | HP: 7/39 [Pikel/+1 whip of freezing (7)]
  2682 | D:4      | HP: 1/39 [Pikel/+1 whip of freezing (4)]
  2682 | D:4      | Slain by Pikel

Levels and vault maps discovered:
D:1:      co_arrival_square_in_a_square_in_a_square, layout_basic
D:2:      layout_basic, basic_ecumenical_altar
D:3:      layout_basic
D:4:      nicolae_cairo_tiling_large, layout_gridville,
          fedhas_altar_decomposition, uniq_ijyb, uniq_robin, uniq_sigmund,
          uniq_pikel

Skill      XL: |  1  2  3 |
---------------+----------+-----
Axes           | 3 4 5 |  5.1
Dodging        | 1 |  1.9
Fighting       | |  3.6
Armour         | |  3.6
Shields        | |  3.6

Action                   |  1- 3 |  4- 6 || total
-------------------------+-------+-------++-------
Melee: War axe           |    74 |    31 ||   105
       Headbutt          |    12 |     7 ||    19
  Use: Scroll            |     4 |     1 ||     5
       Potion            |     1 |       ||     1
Armor: Scale mail        |    20 |    11 ||    31
Dodge: Dodged            |    34 |    16 ||    50
Block: Buckler           |     6 |     7 ||    13

Table legend:
 A = Non-vault XP
 B = Vault XP
 C = Vault XP percentage of total XP
 D = Non-vault monster count
 E = Vault monster count
 F = Vault count percentage of total count
                 A         B        C        D         E       F
            +---------+---------+-------+---------+---------+-------
      Total |     136 |       0 |   0.0 |      50 |       0 |   0.0
            +---------+---------+-------+---------+---------+-------
        D:1 |      41 |       0 |   0.0 |      23 |       0 |   0.0
        D:2 |      11 |       0 |   0.0 |       7 |       0 |   0.0
        D:3 |      84 |       0 |   0.0 |      20 |       0 |   0.0
            +---------+---------+-------+---------+---------+-------
